 Dungeon Crawl Stone Soup version 0.27.1-1-g398f81649c (webtiles) character file.

Game seed: 807641519141315793

425 MisterFreud the Stinger (level 6, -1/51 HPs)
             Began as a Gnoll Wanderer on Sept 20, 2021.
             Was a Believer of Wu Jian.
             Slain by an ufetubus (3 damage)
             ... on level 6 of the Dungeon.
             The game lasted 00:04:45 (2674 turns).

MisterFreud the Stinger (Gnoll Wanderer)            Turns: 2674, Time: 00:04:45

Health: -1/51      AC:  3    Str:  8    XL:     6   Next: 96%
Magic:  11/11      EV: 12    Int: 14    God:    Wu Jian [**....]
Gold:   191        SH:  0    Dex: 14    Spells: 4/12 levels left

rFire    . . .     SeeInvis .   a - +0 dagger
rCold    . . .     Faith    .   (no shield)
rNeg     . . .     Spirit   .   b - +0 robe
rPois    .         Reflect  .   g - +0 helmet
rElec    .         Harm     .   (no cloak)
rCorr    .         Rampage  .   (no gloves)
Will     .....                  (no boots)
Stlth    +++.......             (no amulet)
HPRegen  0.17/turn              (no ring)
MPRegen  0.12/turn              (no ring)

@: no status effects
A: fangs 1, strong nose, distributed training
a: Renounce Religion, Wall Jump


You were on level 6 of the Dungeon.
You worshipped Wu Jian.
Wu Jian was pleased with you.
You visited 1 branch of the dungeon, and saw 4 of its levels.

You collected 191 gold pieces.

Inventory:

Hand Weapons
 a - a +0 dagger (weapon)
Missiles
 k - a throwing net (quivered)
 p - 12 poisoned darts
Armour
 b - a +0 robe (worn)
 g - a +0 helmet (worn)
Jewellery
 l - a ring of resist corrosion
Scrolls
 c - 3 scrolls of teleportation
 e - 2 scrolls of torment {unknown}
 f - 2 scrolls of noise {unknown}
 i - a scroll of fear {unknown}
 m - a scroll of identify {unknown}
 n - a scroll of summoning {unknown}
 r - a scroll of enchant weapon {unknown}
 s - a scroll of brand weapon {unknown}
 t - a scroll of amnesia {unknown}
Potions
 d - a potion of flight {unknown}
 h - a potion of berserk rage {unknown}
 j - a potion of curing {unknown}
 o - a potion of ambrosia {unknown}
 q - a potion of haste {unknown}


   Skills:
 + Level 5.1 Fighting
 + Level 2.2 Short Blades
 + Level 2.2 Long Blades
 + Level 2.2 Axes
 + Level 3.4 Maces & Flails
 + Level 2.2 Polearms
 + Level 2.2 Staves
 + Level 2.2 Slings
 + Level 2.2 Bows
 + Level 2.2 Crossbows
 + Level 2.2 Throwing
 + Level 2.2 Armour
 + Level 2.2 Dodging
 + Level 4.7 Stealth
 + Level 2.2 Shields
 + Level 2.2 Unarmed Combat
 + Level 3.6 Spellcasting
 + Level 1.7 Conjurations
 + Level 1.7 Hexes
 + Level 1.7 Summonings
 + Level 1.7 Necromancy
 + Level 1.7 Translocations
 + Level 1.7 Transmutations
 + Level 1.7 Fire Magic
 + Level 1.7 Ice Magic
 + Level 1.7 Air Magic
 + Level 1.7 Earth Magic
 + Level 7.3 Poison Magic
 + Level 2.4 Invocations
 + Level 2.2 Evocations


You had 4 spell levels left.
You knew the following spells:

 Your Spells              Type           Power      Damage    Failure   Level
a - Sting                 Tmut/Pois      60%        1d6       3%          1
b - Olgreb's Toxic Radia  Pois           23%        N/A       10%         4
c - Mephitic Cloud        Conj/Pois/Air  12%        N/A       14%         3

Your spell library contained the following spells:

 Spells                   Type           Power      Damage    Failure   Level
 Poisonous Vapours        Pois/Air       30%        N/A       4%          2
 Summon Small Mammal      Summ           28%        N/A       10%         1
 Call Canine Familiar     Summ           7%         N/A       28%         3


Dungeon Overview and Level Annotations

Branches:
Dungeon (3/15)

Altars:
Okawaru
Sif Muna
Wu Jian

Shops:
D:3 [


Innate Abilities, Weirdness & Mutations

You have very sharp teeth.
Your uncanny sense of smell can sniff out nearby items.
Your experience applies equally to all skills.


Message History

Okay, then.
Unknown command.
Unknown command.
Unknown command.
Unknown command.
Okay, then.
You hit Menkaure but do no damage. You bite Menkaure, but do no damage.
Menkaure is almost destroyed.
You barely miss Menkaure. You bite Menkaure, but do no damage.
Menkaure is almost destroyed.
Menkaure hits you.
* * * LOW HITPOINT WARNING * * *
You barely miss Menkaure. You bite Menkaure, but do no damage.
Menkaure is almost destroyed.
Menkaure hits you.
* * * LOW HITPOINT WARNING * * *
You hit Menkaure.
You destroy Menkaure!
The Council accepts your kill.
Your Short Blades skill increases to level 2!
Your Long Blades skill increases to level 2!
Your Axes skill increases to level 2!
Your Polearms skill increases to level 2!
Your Staves skill increases to level 2!
Your Slings skill increases to level 2!
Your Bows skill increases to level 2!
Your Crossbows skill increases to level 2!
Your Throwing skill increases to level 2!
Your Armour skill increases to level 2!
Your Dodging skill increases to level 2!
Your Shields skill increases to level 2!
Your Unarmed Combat skill increases to level 2!
Your Evocations skill increases to level 2!
Unknown command.
Unknown command.
An ufetubus comes into view.
Found a stone staircase leading up.
The bullfrog zombie hits you.
* * * LOW HITPOINT WARNING * * *
You see here a scroll labelled MAUKIUTACWA.
The ufetubus closely misses you. The ufetubus hits you.
You die...

##.. ..# #.
#... ..#...
#..##.....
###.....#.. ..
#........# ...
#.......###...
#.5..........#
#..@Z?........
##..##.$..#..
##..##...##
#..!...#..#
#.......#.....
#.....####
...#. .<>....#
...# ........
.... ... ....


You could see an ufetubus and a bullfrog zombie.

Vanquished Creatures
  Sigmund (D:2)
  Menkaure (D:6)
  Jessica (D:2)
  4 gnolls (D:3)
  3 adders
  An orc (D:3)
  3 endoplasms (D:2)
  2 giant cockroaches
  2 goblins (D:2)
  8 hobgoblins (D:2)
  4 quokkas (D:2)
  8 ball pythons
  6 bats
  4 frilled lizards
  4 kobolds (D:2)
  4 rats
56 creatures vanquished.

Vanquished Creatures (others)
  5 plants (D:2)
  11 withered plants (D:2)
16 creatures vanquished.

Grand Total: 72 creatures vanquished

Notes
Turn   | Place    | Note
-------+----------+-------------------------------------------
     0 | D:1      | MisterFreud the Gnoll Wanderer began the quest for the Orb.
     0 | D:1      | MisterFreud set off with the following items: a +0 dagger,
                  | a +0 robe, a scroll of teleportation; and the following
                  | spells available to memorise: Sting, Poisonous Vapours,
                  | Olgreb's Toxic Radiance, Summon Small Mammal, Mephitic
                  | Cloud, Call Canine Familiar
     0 | D:1      | Reached XP level 1. HP: 20/20 MP: 4/4
   126 | D:1      | Learned a level 1 spell: Sting
   603 | D:2      | Reached XP level 2. HP: 23/26 MP: 2/5
   689 | D:2      | Noticed Jessica
   703 | D:2      | Killed Jessica
   704 | D:2      | Reached XP level 3. HP: 17/31 MP: 4/7
   912 | D:2      | Reached skill level 1 in Invocations
  1209 | D:2      | Noticed Sigmund
  1217 | D:2      | Killed Sigmund
  1218 | D:2      | Reached skill level 1 in Short Blades
  1218 | D:2      | Reached skill level 1 in Long Blades
  1218 | D:2      | Reached skill level 1 in Axes
  1218 | D:2      | Reached skill level 1 in Polearms
  1218 | D:2      | Reached skill level 1 in Staves
  1218 | D:2      | Reached skill level 1 in Slings
  1218 | D:2      | Reached skill level 1 in Bows
  1218 | D:2      | Reached skill level 1 in Crossbows
  1218 | D:2      | Reached skill level 1 in Throwing
  1218 | D:2      | Reached skill level 1 in Armour
  1218 | D:2      | Reached skill level 1 in Dodging
  1218 | D:2      | Reached skill level 1 in Shields
  1218 | D:2      | Reached skill level 1 in Unarmed Combat
  1218 | D:2      | Reached skill level 1 in Conjurations
  1218 | D:2      | Reached skill level 1 in Hexes
  1218 | D:2      | Reached skill level 1 in Summonings
  1218 | D:2      | Reached skill level 1 in Necromancy
  1218 | D:2      | Reached skill level 1 in Translocations
  1218 | D:2      | Reached skill level 1 in Transmutations
  1218 | D:2      | Reached skill level 1 in Fire Magic
  1218 | D:2      | Reached skill level 1 in Ice Magic
  1218 | D:2      | Reached skill level 1 in Air Magic
  1218 | D:2      | Reached skill level 1 in Earth Magic
  1218 | D:2      | Reached skill level 1 in Evocations
  1218 | D:2      | Reached XP level 4. HP: 17/38 MP: 2/8
  1218 | D:2      | Reached XP level 5. HP: 19/43 MP: 2/9
  1490 | D:2      | Found a faded altar of an unknown god.
  1518 | D:2      | Became a worshipper of the Wu Jian Council
  1518 | D:2      | Reached * piety under Wu Jian
  1720 | D:2      | Reached XP level 6. HP: 50/50 MP: 6/10
  1897 | D:2      | Learned a level 4 spell: Olgreb's Toxic Radiance
  1901 | D:2      | Learned a level 3 spell: Mephitic Cloud
  2121 | D:3      | Reached ** piety under Wu Jian
  2262 | D:3      | Reached skill level 5 in Fighting
  2362 | D:3      | Found a shimmering blue altar of Sif Muna.
  2382 | D:3      | Found an iron altar of Okawaru.
  2554 | D:3      | Found Fyong's Antique Armour Shop.
  2657 | D:3      | Noticed a black bear
  2658 | D:3      | You fall into a shaft and drop 3 floors!
  2658 | D:6      | Noticed Menkaure
  2669 | D:6      | Killed Menkaure
  2672 | D:6      | HP: 2/51 [bullfrog zombie (6)]
  2674 | D:6      | Slain by an ufetubus

Illustrated notes

Levels and vault maps discovered:
D:1:      lemuel_arrival_tunnels, layout_basic
D:2:      layout_loops_cross, shapermc_ecumenical_altar_flowoftime,
          minmay_misc_feat_rugged, minmay_divided_ellipse, uniq_jessica,
          uniq_sigmund
D:3:      layout_loops_ring, mainiacjoe_overflow_concentric_impassable,
          mainiacjoe_overflow_alcove_3, mainiacjoe_overflow_catwalk_spiral,
          serial_shops, shop
D:6:      layout_cave_pools, kennysheep_mini_moat, kennysheep_mini,
          serial_shops, shop, kennysheep_generic_room_3, uniq_duvessa,
          uniq_menkaure

Skill      XL: |  1  2  3  4  5  6 |
---------------+-------------------+-----
Invocations    | 1 2 |  2.4
Short Blades   | 1 2 |  2.2
Long Blades    | 1 2 |  2.2
Axes           | 1 2 |  2.2
Maces & Flails | 3 |  3.4
Polearms       | 1 2 |  2.2
Staves         | 1 2 |  2.2
Slings         | 1 2 |  2.2
Bows           | 1 2 |  2.2
Crossbows      | 1 2 |  2.2
Throwing       | 1 2 |  2.2
Armour         | 1 2 |  2.2
Dodging        | 1 2 |  2.2
Shields        | 1 2 |  2.2
Unarmed Combat | 1 2 |  2.2
Spellcasting   | 3 |  3.6
Conjurations   | 1 |  1.7
Hexes          | 1 |  1.7
Summonings     | 1 |  1.7
Necromancy     | 1 |  1.7
Translocations | 1 |  1.7
Transmutations | 1 |  1.7
Fire Magic     | 1 |  1.7
Ice Magic      | 1 |  1.7
Air Magic      | 1 |  1.7
Earth Magic    | 1 |  1.7
Evocations     | 1 2 |  2.2
Fighting       | 5 |  5.1
Stealth        | |  4.7
Poison Magic   | |  7.3

Action                   |  1- 3 |  4- 6 || total
-------------------------+-------+-------++-------
Melee: Dagger            |    37 |    39 ||    76
       Bite              |     1 |     6 ||     7
 Cast: Sting             |    35 |    39 ||    74
       Olgreb's Toxic Ra |       |     2 ||     2
Invok: Whirlwind         |       |     1 ||     1
 Stab: Distracted        |       |     1 ||     1
       Sleeping          |       |     1 ||     1
Armor: Robe              |    11 |     8 ||    19
Dodge: Dodged            |    20 |    23 ||    43
